 Dungeon Sprint DCSS version 0.17-a0-81-g781747f (webtiles) character file.

5289 BluebellGnoll the Alchemist (level 10, -4/72 HPs)
             Began as an Octopode Ice Elementalist on Mar 15, 2015.
             Was the Champion of Vehumet.
             Slain by an eldritch tentacle (14 damage)
             ... called by Paikogij
             ... in the Dungeon (Sprint V: "Ziggurat Sprint").
             The game lasted 00:15:56 (773 turns).

BluebellGnoll the Alchemist (OpIE)                   Turns: 773, Time: 00:15:58

Health: -4/72      AC: 24    Str: 27    XL:     10   Next: 63%
Magic:  18/29      EV:  9    Int: 38    God:    Vehumet [******]
Gold:   0          SH:  0    Dex: 25    Spells: 5 memorised, 15 levels left

rFire  . . .     SeeInvis .     u - melded +14 obsidian axe {chop, +Fly Str+3 SInv Curse} (curse)
rCold  . . .     Clarity  .     v - melded +18 shield of the gong {rElec rN+ MR+ EV-5}
rNeg   . . .     SustAb   +     (helmet currently unavailable)
rPois  +         Gourm    .     (no amulet)
rElec  .         Spirit   .     p - +6 ring of dexterity
rCorr  .         Warding  .     q - +6 ring of intelligence
rMut   .         NoTele   +     Q - ring of Charity {SustAb MR+ Int+6}
MR     +....                    s - +6 ring of strength
Stlth  ++........               t - +6 ring of strength
                                o - +6 ring of dexterity
                                S - +2 ring of slaying
                                V - +5 ring of protection

@: brilliant, exhausted, icy armour, hydra-form, slowed, studying Maces &
Flails, very slow, somewhat resistant to hostile enchantments, unstealthy
A: almost no armour, amphibious, 8 rings, (constrict 8), (camouflage 0),
(gelatinous body 0)
a: End Transformation, Renounce Religion


You were in the Dungeon.
You worshipped Vehumet.
Vehumet was exalted by your worship.
You were not hungry.
You were a 9-headed hydra.
You visited 1 branch

Inventory:

Hand weapons
 u - the cursed +14 obsidian axe (melded) {chop, +Fly Str+3 SInv Curse}
   (You found it in the Dungeon)

   It inflicts extra damage upon your enemies.
   It affects your strength (+3).
   It enhances your eyesight.
   It lets you fly.
   It may re-curse itself when equipped.
   It has a curse placed upon it.
Armour
 v - the +18 shield of the gong (melded) {rElec rN+ MR+ EV-5}
   (You found it in the Dungeon)

   It affects your evasion (-5).
   It insulates you from electricity.
   It protects you from negative energy.
   It affects your resistance to hostile enchantments.
Magical staves
 m - an uncursed staff of energy
Jewellery
 o - a +6 ring of dexterity (on tentacle)
 p - a +6 ring of dexterity (left foreclaw)
 q - a +6 ring of intelligence (right foreclaw)
 r - the ring "Wywn" {Ice rElec rN+ Slay-6}
   (You found it in the Dungeon)

   [ring of ice]

   It enhances your ice magic, and weakens your fire magic.
   It affects your accuracy and damage with ranged weapons and melee attacks
   (-6).
   It makes you vulnerable to fire.
   It protects you from cold.
   It insulates you from electricity.
   It protects you from negative energy.
 s - a +6 ring of strength (on tentacle)
 t - a +6 ring of strength (on tentacle)
 Q - the ring of Charity (on tentacle) {SustAb MR+ Int+6}
   (You found it in the Dungeon)

   [ring of sustain abilities]

   It sustains your strength, intelligence and dexterity.
   It affects your intelligence (+6).
   It affects your resistance to hostile enchantments.
 S - a +2 ring of slaying (on tentacle)
 T - an uncursed ring of fire
 V - a +5 ring of protection (on tentacle)
Magical devices
 a - a wand of disintegration (7)
 j - a wand of fire (1)
 k - a wand of cold (5)
 l - a wand of draining (5)
Scrolls
 i - 4 scrolls of blinking
 y - 4 scrolls of amnesia
 z - 3 scrolls of recharging
 A - 7 scrolls of fog
 B - a scroll of holy word
 C - 5 scrolls of identify
 D - 5 scrolls of remove curse
 E - 2 scrolls of fear
Potions
 d - 9 potions of curing
 e - 10 potions of heal wounds
 f - 6 potions of haste
 g - 7 potions of magic
 h - a potion of berserk rage
 F - a potion of brilliance
 G - 2 potions of invisibility
 H - 2 potions of restore abilities
 I - 4 potions of resistance
 K - 5 potions of agility
 L - 5 potions of might
Books
 b - a book of Frost

   Spells                             Type                      Level
   a - Freeze                         Ice                          1
   b - Throw Frost                    Conjuration/Ice              2
   c - Ozocubu's Armour               Charms/Ice                   3
   d - Throw Icicle                   Conjuration/Ice              4
   e - Summon Ice Beast               Ice/Summoning                4
   f - Condensation Shield            Ice                          4
 J - Privigikk's Tome of Earthen Transmutation
   (You found it in the Dungeon)

   Spells                             Type                      Level
   a - Passwall                       Transmutation/Earth          3
   b - Petrify                        Transmutation/Earth          4
   c - Statue Form                    Transmutation/Earth          6
 N - a book of Burglary

   Spells                             Type                      Level
   a - Swiftness                      Charms/Air                   2
   b - Passwall                       Transmutation/Earth          3
   c - Passage of Golubria            Translocation                4
   d - Lee's Rapid Deconstruction     Earth                        5
   e - Invisibility                   Hexes                        6
   f - Darkness                       Hexes                        7
 U - a manual of Maces & Flails
 W - a book of Fire

   Spells                             Type                      Level
   a - Ignite Poison                  Fire/Transmutation           5
   b - Fireball                       Conjuration/Fire             5
   c - Bolt of Fire                   Conjuration/Fire             6
   d - Delayed Fireball               Conjuration/Fire             7
   e - Ring of Flames                 Charms/Fire                  7
Miscellaneous
 n - a crystal ball of energy
 M - a lamp of fire
 O - a fan of gales
 P - a box of beasts
Comestibles
 c - 5 bread rations
 w - 42 fruits
 x - 4 meat rations


   Skills:
 - Level 2.0 Dodging
 - Level 2.6 Stealth
 - Level 7.3 Shields
 - Level 11.0 Spellcasting
 - Level 5.6 Conjurations
 + Level 16.8 Transmutations
 - Level 9.6 Ice Magic


You had 15 spell levels left.
You knew the following spells:

 Your Spells              Type           Power        Failure   Level  Hunger
a - Freeze                Ice            ####         1%          1    None
b - Throw Frost           Conj/Ice       ######       1%          2    None
c - Ozocubu's Armour      Chrm/Ice       ######..     1%          3    None
e - Throw Icicle          Conj/Ice       #######.     1%          4    None
h - Hydra Form            Trmt           ########..   1%          6    ####...


Dungeon Overview and Level Annotations

Branches:
Dungeon (1/1)

Altars:
Ashenzari
Cheibriados
Dithmenos
Elyvilon
Fedhas
Gozag
Kikubaaqudgha
Makhleb
Nemelex Xobeh
Okawaru
Qazlal
Ru
Sif Muna
Trog
Vehumet
Xom
Yredelemnul
Zin
The Shining One
Beogh
Jiyva
Lugonu


Innate Abilities, Weirdness & Mutations

You cannot wear most types of armour.
You are amphibious.
You can wear up to eight rings at the same time.
((You can use your tentacles to constrict many enemies at once.))
((Your skin changes colour to match your surroundings (Stealth).))
((Your rubbery body absorbs attacks (AC +1).))


Message History

Unknown command.
You gouge Paikogij!!!
Paikogij is almost dead.
You bite the iron imp!
You kill the iron imp!
Vehumet accepts your kill.
You feel your power returning. Paikogij hits you!
* * * LOW HITPOINT WARNING * * *
You chomp Paikogij!!!!
You kill Paikogij!
Vehumet accepts your kill.
Your Transmutations skill gained 6 levels and is now at level 16!
You have reached level 10!
You feel clever.
An eldritch tentacle comes into view.
You feel a strong urge to attack something.
You are no longer berserk.
You are exhausted.
You feel yourself slow down. The eldritch tentacle slaps you!
You die...

▓..)))...▓........▓
▓.▓....▓.▓.▓†.÷.▓.▓
▓........▓........▓
▓▓▓▓▓▓▓▓▓▓▓▓▓▓▓▓▓▓▓
▓...8©8...▓..8©8..▓
▓.§"?[....▓..=:...▓
▓..§):[...▓..[....▓
▓.§w§.....▓.......▓
▓§.§D.....▓.......▓
▓.....)...▓.))....▓
▓.........▓...))..▓
▓.........▓.▓...▓.▓
▓.........▓.......▓
▓▓▓▓▓▓▓▓▓▓▓▓▓▓▓▓▓▓▓
▓..8©8..▓ ▓..)[)..▓
▓...=...▓


You could see an eldritch tentacle.

Vanquished Creatures
  A pandemonium lord (D)
  A naga mage (D)
  A slime creature (D)
  A golden eye (D)
  2 nagas (D)
  3 water moccasins (D)
  An orc warrior (D)
  A jelly (D)
  A quasit (D)
  3 orc wizards (D)
  An iron imp (D)
  9 orc priests (D)
  An adder (D)
  A white imp (D)
  2 shadow imps (D)
  An ufetubus (D)
  3 orcs (D)
  3 ball pythons (D)
36 creatures vanquished.

Vanquished Creatures (collateral kills)
  A naga mage (D)
1 creature vanquished.

Grand Total: 37 creatures vanquished

Notes
Turn   | Place    | Note
--------------------------------------------------------------
     0 | D        | BluebellGnoll, the Octopode Ice Elementalist, began the quest for the Orb.
     0 | D        | Reached XP level 1. HP: 11/11 MP: 3/3
     0 | D        | Found a viscous altar of Jiyva.
     0 | D        | Found a corrupted altar of Lugonu.
     0 | D        | Found a white marble altar of Elyvilon.
     2 | D        | Found a sparkling altar of Nemelex Xobeh.
     2 | D        | Found a burning altar of Makhleb.
     3 | D        | Found a deep blue altar of Sif Muna.
     3 | D        | Found a bloodstained altar of Trog.
     7 | D        | Found an iron altar of Okawaru.
    18 | D        | Found a radiant altar of Vehumet.
    26 | D        | Found a basalt altar of Yredelemnul.
    27 | D        | Found a shimmering altar of Xom.
    34 | D        | Reached skill level 7 in Shields
    34 | D        | Reached XP level 2. HP: 17/17 MP: 4/4
    38 | D        | Learned a level 2 spell: Throw Frost
    45 | D        | Became a worshipper of Vehumet
    52 | D        | Entered arena 1.
    52 | D        | Noticed an orc priest
    52 | D        | Noticed an orc priest
    54 | D        | Killed an orc priest
    54 | D        | Reached XP level 3. HP: 18/21 MP: 4/6
    55 | D        | Killed an orc priest
    55 | D        | Reached XP level 4. HP: 15/27 MP: 4/9
    59 | D        | Identified Privigikk's Tome of Earthen Transmutation (You found it in the Dungeon)
   191 | D        | Learned a level 3 spell: Ozocubu's Armour
   191 | D        | Entered arena 2.
   191 | D        | Noticed a jelly
   191 | D        | Noticed a golden eye
   191 | D        | Noticed a slime creature
   193 | D        | Killed a golden eye
   193 | D        | Acquired Vehumet's first power
   193 | D        | Offered knowledge of Magic Dart by Vehumet.
   193 | D        | Reached skill level 5 in Spellcasting
   193 | D        | Reached XP level 5. HP: 31/31 MP: 10/15
   195 | D        | Killed a slime creature
   195 | D        | Reached skill level 5 in Conjurations
   195 | D        | Reached skill level 8 in Ice Magic
   195 | D        | Reached XP level 6. HP: 36/36 MP: 10/19
   196 | D        | Killed a jelly
   196 | D        | Reached skill level 9 in Ice Magic
   253 | D        | Learned a level 4 spell: Throw Icicle
   253 | D        | Entered arena 3.
   253 | D        | Noticed an orc priest
   253 | D        | Noticed an orc wizard
   253 | D        | Noticed an orc priest
   255 | D        | Killed an orc priest
   256 | D        | Killed an orc priest
   256 | D        | Reached XP level 7. HP: 39/41 MP: 11/21
   259 | D        | Killed an orc wizard
   274 | D        | Learned a level 6 spell: Hydra Form
   378 | D        | Entered arena 4.
   378 | D        | Noticed an orc priest
   378 | D        | Noticed an orc priest
   378 | D        | Noticed an orc wizard
   382 | D        | Killed an orc priest
   382 | D        | Offered knowledge of Sandblast by Vehumet.
   382 | D        | Acquired Vehumet's second power
   382 | D        | Reached skill level 1 in Transmutations
   383 | D        | Killed an orc priest
   384 | D        | Killed an orc wizard
   395 | D        | Identified Sif Muna's Reference Book on Arcane Weapons and the Volcanoes (You found it in the Dungeon)
   397 | D        | Identified Sif Muna's Grimoire of the Many Runes (You found it in the Dungeon)
   400 | D        | Entered arena 5.
   400 | D        | Noticed a water moccasin
   400 | D        | Noticed a water moccasin
   402 | D        | Killed a water moccasin
   402 | D        | Acquired Vehumet's third power
   406 | D        | Killed a water moccasin
   406 | D        | Reached skill level 5 in Transmutations
   507 | D        | Entered arena 6.
   507 | D        | Noticed a water moccasin
   507 | D        | Noticed a naga
   507 | D        | Noticed a naga
   507 | D        | Noticed a naga mage
   507 | D        | Noticed a naga mage
   511 | D        | Killed a water moccasin
   511 | D        | Reached XP level 8. HP: 24/46 MP: 6/25
   517 | D        | Killed a naga mage
   517 | D        | Reached skill level 10 in Spellcasting
   517 | D        | Killed a naga
   519 | D        | Killed a naga
   519 | D        | Killed a naga mage
   519 | D        | Reached skill level 11 in Spellcasting
   519 | D        | Reached XP level 9. HP: 11/51 MP: 7/28
   728 | D        | Entered arena 7.
   728 | D        | Noticed an orc priest
   728 | D        | Noticed an orc wizard
   728 | D        | Noticed an orc warrior
   728 | D        | Noticed an orc priest
   728 | D        | Noticed an orc priest
   730 | D        | Killed an orc priest
   730 | D        | Offered knowledge of Dazzling Spray by Vehumet.
   733 | D        | Killed an orc warrior
   735 | D        | Killed an orc priest
   736 | D        | Killed an orc wizard
   740 | D        | Killed an orc priest
   749 | D        | Got the ring of Charity {SustAb MR+ Int+6}
   755 | D        | Got the ring "Wywn" {Ice rElec rN+ Slay-6}
   757 | D        | Entered arena 8.
   757 | D        | Noticed Paikogij the pandemonium lord
   757 | D        | Noticed a quasit
   757 | D        | Noticed an iron imp
   761 | D        | Reached skill level 10 in Transmutations
   763 | D        | Killed a quasit
   769 | D        | Killed an iron imp
   770 | D        | Killed Paikogij the pandemonium lord
   770 | D        | Reached skill level 16 in Transmutations
   770 | D        | Reached XP level 10. HP: 13/56 MP: 17/29
   772 | D        | Noticed an eldritch tentacle
   773 | D        | Slain by an eldritch tentacle

Action                   |  1- 3 |  4- 6 |  7- 9 | 10-12 || total
-------------------------+-------+-------+-------+-------++-------
Melee: Broad axe         |     2 |     2 |     8 |       ||    12
       Unarmed           |       |       |    14 |       ||    14
 Cast: Throw Icicle      |       |     1 |    18 |       ||    19
       Throw Frost       |       |     1 |       |       ||     1
       Ozocubu's Armour  |       |       |     3 |       ||     3
       Hydra Form        |       |       |     2 |       ||     2
Evoke: Wand              |       |     3 |     1 |       ||     4
       Lamp of fire      |       |       |     3 |       ||     3
  Use: Potion            |     1 |       |     4 |       ||     5
